Cogmind - Beta 9.2 @@@ ROGUE MODE // 2019.12.11 @ 19:49:44 Player: Enzo Result: Destroyed by G-47 Trooper with Particle Gun Performance ------------- Evolutions (3) 1500 Regions Visited (11) 2200 Robots Destroyed (204) 1020 Value Destroyed (7898) 7898 Prototype IDs (19) 380 Alien Tech Used (0) 0 Bonus (4286) 4286 TOTAL SCORE: 17284 Bonus ------- Triggered High Security 500 High Alert Combat Kills 1377 Follower Combat Kills 186 Entered Garrisons 600 Used RIF Installer 1500 Aligned with FarCom 300 Friendly Fire -177 Cogmind --------- Core Integrity 0/700 Matter 300/300 Energy 100/100 System Corruption 1% Temperature Cool (9) Movement Core (550) Ox10 Location -7/Garrison Parts ------- > --- POWER (1) -------- (None) > --- PROPULSION (4) --- (None) > --- UTILITY (6) ------ High-capacity Storage Unit Improved Terrain Scan Processor Relay Coupler [Sentry] (30) > --- WEAPON (2) ------- (None) > --- INVENTORY (12) --- Coolant Injector Relay Coupler [Brawler] (37) Relay Coupler [Brawler] (38) Relay Coupler [Duelist] (30) Relay Coupler [Duelist] (34) Relay Coupler [Demolisher] (29) Relay Coupler [Hunter] (17) Trap Reconfigurator Improved Recalibrator Peak State ------------ > --- POWER ------------ Enhanced Nuclear Core > --- PROPULSION ------- Medium Treads Wheel Wheel Armored Wheel > --- UTILITY ---------- High-capacity Storage Unit Advanced Terrain Scanner Improved Terrain Scan Processor Relay Coupler [Grunt] Relay Coupler [Sentry] Improved Recalibrator > --- WEAPON ----------- Heavy Plasma Cannon Gauss Cannon > --- INVENTORY -------- Advanced Terrain Scanner Relay Coupler [Brawler] Relay Coupler [Sentry] Relay Coupler [Sentry] Relay Coupler [Demolisher] Relay Coupler [Hunter] Trap Reconfigurator Heavy Plasma Cannon Heavy Plasma Cannon Gauss Cannon Datajack Remote Datajack [Rating: 47] Favorites ----------- Power Enhanced Nuclear Core Engine Light Ion Engine Power Core Enhanced Nuclear Core Propulsion Wheel Treads Light Treads Wheel Wheel Hover Unit Improved Hover Unit Flight Unit VTOL Module Utility High-capacity Storage Unit Device Advanced Terrain Scanner Storage High-capacity Storage Unit Processor Improved Terrain Scan Processor Hackware Relay Coupler [Grunt] Protection Improved Medium Armor Plating Weapon Gauss Cannon Energy Gun Cooled Pulse Rifle Energy Cannon Heavy Plasma Cannon Ballistic Gun Gauss Rifle Ballistic Cannon Gauss Cannon Launcher Improved Grenade Launcher Special Weapon Remote Datajack Special Melee Weapon Datajack Build | -11 -10 -10 -10 -9 -8 -8 -8 -7 -7 -7 -7 ------- Run | Scr Mat Min Exi Min Mat Gar Mat Fac Gar Fac Gar Slots Evolved 6 | . . . . . 4 . . 2 . . . Power . | . . . . . . . . . . . . Propulsion 2 | . . . . . 2 . . . . . . Utility 4 | . . . . . 2 . . 2 . . . Weapon . | . . . . . . . . . . . . Parts Attached 168 | 7 11 10 4 3 30 12 13 17 15 21 25 Power 16 | 1 2 2 . . 3 2 . 3 1 . 2 Engine 9 | 1 2 1 . . 2 1 . 1 . . 1 Core 7 | . . 1 . . 1 1 . 2 1 . 1 Reactor . | . . . . . . . . . . . . Propulsion 49 | 2 3 2 . . 6 3 4 5 4 11 9 Treads 14 | . . . . . 1 2 . 4 2 1 4 Leg . | . . . . . . . . . . . . Wheel 28 | 2 3 2 . . 5 1 4 . . 10 1 Hover 2 | . . . . . . . . 1 1 . . Flight 5 | . . . . . . . . . 1 . 4 Utility 33 | 2 3 . 4 . 5 1 1 4 4 4 5 Device 19 | 1 1 . 3 . 4 . . 3 1 3 3 Storage 3 | 1 2 . . . . . . . . . . Processor 3 | . . . 1 . . 1 1 . . . . Hackware 7 | . . . . . . . . 1 3 1 2 Protection 1 | . . . . . 1 . . . . . . Artifact . | . . . . . . . . . . . . Weapon 70 | 2 3 6 . 3 16 6 8 5 6 6 9 Energy Gun 7 | 1 . . . . 1 . 1 1 1 . 2 Energy Cannon 14 | . . . . 1 5 1 1 2 1 3 . Ballistic Gun 5 | 1 1 . . . . 2 1 . . . . Ballistic Cannon 24 | . 2 3 . 1 4 1 4 2 2 1 4 Launcher 13 | . . 3 . 1 6 2 1 . . . . Special Weapon 5 | . . . . . . . . . . 2 3 Impact Weapon . | . . . . . . . . . . . . Slashing Weapon . | . . . . . . . . . . . . Piercing Weapon . | . . . . . . . . . . . . Special Melee Weapon 2 | . . . . . . . . . 2 . . Unidentified Prototypes 10 | . . . 3 . 2 . 1 4 . . . Parts Lost 61 | . 2 2 . . 5 6 4 5 5 11 21 Power 8 | . . 1 . . . 2 . 1 1 . 3 Propulsion 27 | . . 1 . . 2 1 3 2 2 7 9 Utility 8 | . 1 . . . 1 . . 1 . 1 4 Weapon 18 | . 1 . . . 2 3 1 1 2 3 5 Highest Loss Streak 8 | . 1 2 . . 1 2 3 5 2 3 8 Average Slot Usage (%) 91 | . 99 98 98 100 90 77 95 81 99 94 89 Engine 4 | . 14 4 14 14 7 . 9 . . . 4 Core 3 | . . 8 . . 1 5 . 5 6 7 2 Treads 6 | . . . . . . . 8 13 27 4 12 Wheel 17 | . 28 28 28 28 27 17 23 1 . 18 6 Device 16 | . 13 14 12 14 21 18 18 21 15 15 7 Storage 9 | . 14 14 14 14 9 9 9 7 7 7 7 Processor 5 | . . . . . . 8 9 7 7 7 7 Hackware 5 | . . . . . . . . 7 14 14 19 Energy Gun 1 | . 2 . . . 1 . 3 3 3 . 1 Energy Cannon 4 | . . . . 8 7 . 5 4 3 6 2 Ballistic Gun 2 | . 8 . . . . 7 5 . . . . Ballistic Cannon 7 | . 16 25 28 18 6 1 3 6 4 5 4 Launcher 1 | . . 2 . 1 1 7 . . . . . Naked Turns . | . . . . . . . . . . . . Heaviest Build 60 | 11 42 44 42 50 60 50 54 57 58 58 56 Greatest Support 80 | 20 20 26 26 26 58 56 40 80 80 60 68 Greatest Overweight (x) 17 | . 2 2 1 1 2 2 4 17 . 7 10 Average Overweight (x) . | . . 1 1 1 . . 1 1 . 1 . Largest Inventory Capacity 12 | 6 12 12 12 12 12 12 12 12 12 12 12 Average Capacity 11 | 5 7 12 12 12 12 12 12 12 12 12 12 Most Carried 12 | 5 9 11 12 12 12 12 12 12 12 12 12 Average Carried 10 | 2 6 9 11 11 11 11 11 9 11 11 9 Final Capacity 12 | 6 12 12 12 12 12 12 12 12 12 12 12 Final Carried 12 | 5 9 11 12 12 12 12 11 12 12 11 9 Class Distribution -------------------- 32% | Bothacker-Skirmisher 21% | Mutant 20% | Scavenger-Mutant 10% | Bothacker-Mutant 9% | Skirmisher 4% | Bothacker-Assassin Dominant Class ---------------- Scavenger-Mutant | -10/Materials Scavenger-Mutant | -10/Mines Mutant | -10/Exiles Mutant | -9/Mines Scavenger-Mutant | -8/Materials Mutant | -8/Garrison Bothacker-Skirmisher | -8/Materials Bothacker-Skirmisher | -7/Factory Bothacker-Skirmisher | -7/Garrison Bothacker-Skirmisher | -7/Factory Bothacker-Mutant | -7/Garrison Resources | -11 -10 -10 -10 -9 -8 -8 -8 -7 -7 -7 -7 ----------- Run | Scr Mat Min Exi Min Mat Gar Mat Fac Gar Fac Gar Matter Collected 4592 | 312 296 478 . 75 1032 570 256 243 382 531 417 Remotely . | . . . . . . . . . . . . Salvage Created 5495 | 152 296 635 . . 1216 550 469 254 496 945 482 Parts 339 | 9 30 31 . . 79 39 39 13 28 51 20 Haulers Intercepted 8 | . 2 . . . 4 . 1 1 . . . Recyclers Shooed 3 | . . 1 . . 1 . 1 . . . . Parts Field Recycled . | . . . . . . . . . . . . Retrieved Matter . | . . . . . . . . . . . . Parts Self-Destructed . | . . . . . . . . . . . . Prevented . | . . . . . . . . . . . . Kills | -11 -10 -10 -10 -9 -8 -8 -8 -7 -7 -7 -7 ------- Run | Scr Mat Min Exi Min Mat Gar Mat Fac Gar Fac Gar Combat Hostiles Destroyed 142 | . 8 16 . 2 36 23 8 5 17 15 12 Guns 26 | . 5 . . . 1 8 4 . 7 . 1 Cannons 64 | . 3 6 . . 9 5 1 4 10 15 11 AOE 50 | . . 10 . 2 25 10 3 . . . . Classes Destroyed 16 | 2 5 1 . 1 4 . 1 . . 2 . Worker 10 | . . 2 . . 3 . 3 . . 2 . Builder 11 | . 3 . . . 4 . 1 . . 3 . Tunneler 5 | 3 . . . . 1 . . . . 1 . Hauler 8 | . 2 . . . 4 . 1 1 . . . Recycler 11 | 1 . 6 . . 2 . . . . 2 . Mechanic 2 | . . . . . . . . . . 2 . Operator 3 | . . . . . 2 . 1 . . . . Watcher 11 | . 1 . . . 4 . 2 . 1 3 . Swarmer 59 | . 6 12 . . 9 9 2 2 13 2 4 Grunt 56 | . 2 4 . . 22 10 3 . 2 7 6 Duelist 3 | . . . . . 2 . . . . . 1 Protector 1 | . . . . . . . 1 . . . . Sentry 15 | . . . . . 2 4 1 3 2 2 1 Hunter 3 | . . . . . 1 . 1 . . 1 . Programmer 4 | . . . . . . . . . . 3 1 Assembled 2 | . . . . 2 . . . . . . . Best Kill Streak 17 | 2 4 8 . 2 17 3 3 3 5 4 4 Combat Bots Only 7 | . 4 6 . 2 7 3 3 3 5 2 4 Max Kills in Single Turn 4 | 1 1 3 . 1 4 3 2 1 1 2 1 Gunslinging 1 | . . . . . . . 1 . . . . Exploded 3 | . . 3 . 1 3 3 2 . . . . Melee . | . . . . . . . . . . . . Uniques/NPCs Destroyed . | . . . . . . . . . . . . Combat | -11 -10 -10 -10 -9 -8 -8 -8 -7 -7 -7 -7 -------- Run | Scr Mat Min Exi Min Mat Gar Mat Fac Gar Fac Gar Damage Taken 8292 | . 341 386 . 139 1248 1142 593 726 965 1324 1428 Core 1369 | . 46 111 . . 160 206 146 73 104 207 316 Absorbed by Shields . | . . . . . . . . . . . . Core Remaining (%) 47 | 100 . . . 37 . . 6 . . . . Volleys Fired 541 | 14 47 37 . 4 102 58 32 20 76 82 69 Largest 2 | 2 2 2 . 1 2 2 2 2 2 2 2 Hottest 150 | 60 70 70 . 39 124 116 123 123 150 138 128 Shots Fired 802 | 27 93 57 . 4 127 70 60 40 114 127 83 Gun 213 | 27 63 . . . 12 23 31 9 36 . 12 Cannon 498 | . 30 45 . . 82 24 27 31 78 123 58 Launcher 74 | . . 12 . 4 33 23 2 . . . . Special 17 | . . . . . . . . . . 4 13 Kinetic 390 | 14 82 45 . . 41 39 30 17 50 45 27 Thermal 268 | 13 11 . . . 12 8 28 23 64 78 31 Explosive 74 | . . 12 . 4 33 23 2 . . . . Electromagnetic 53 | . . . . . 41 . . . . . 12 Robot Hit Streak 17 | 9 9 9 . 1 9 13 17 11 15 14 9 Robot Miss Streak 9 | 2 9 3 . 1 4 4 4 3 6 3 3 Penetration Max 1 | . . . . . . 1 1 . . . . Secondary Targets 3 | . 2 . . . . . 1 . . . . Max Gunslinging Chain 1 | . 1 . . . . . 1 . . . . Shots Hit Robots 471 | 20 53 31 . 2 81 38 36 28 50 79 53 Core Hits 271 | 5 19 28 . 3 76 36 20 8 21 32 23 Critical Hits 18 | . 2 3 . . . 2 1 3 . 3 4 Critical Kills 5 | . . 2 . . . 1 . . . 2 . Critical Parts Destroyed 12 | . 2 1 . . . 1 1 2 . 1 4 Melee Attacks 4 | . . . . . . . . . 4 . . Impact . | . . . . . . . . . . . . Slashing . | . . . . . . . . . . . . Piercing . | . . . . . . . . . . . . Sneak Attacks 2 | . . . . . . . . . 2 . . Combat Hostiles 2 | . . . . . . . . . 2 . . Follow-up Attacks . | . . . . . . . . . . . . Damage Inflicted 17251 | 246 752 1147 . 255 5530 2065 1301 709 1121 2923 1202 Guns 2257 | 246 477 . . . 160 346 483 151 283 . 111 Cannons 8457 | . 275 576 . . 1625 468 457 558 838 2569 1091 Explosions 6537 | . . 571 . 255 3745 1251 361 . . 354 . Melee . | . . . . . . . . . . . . Ramming . | . . . . . . . . . . . . Kinetic 5095 | 116 675 576 . . 690 650 438 267 436 755 492 Thermal 4753 | 130 77 . . . 340 164 502 442 685 1814 599 Explosive 6357 | . . 571 . 255 3565 1251 361 . . 354 . Electromagnetic 1046 | . . . . . 935 . . . . . 111 Impact . | . . . . . . . . . . . . Slashing . | . . . . . . . . . . . . Piercing . | . . . . . . . . . . . . Highest Corruption 1 | . . . . . . . . . . 1 1 Average Corruption 1 | . . . . . . . . . . 1 1 Corruption Purged . | . . . . . . . . . . . . Effects 18 | . . . . . . . . . . 6 12 Message Errors 5 | . . . . . . . . . . 1 4 Energy Discharges 6 | . . . . . . . . . . 2 4 Data Loss (minor) 1 | . . . . . . . . . . . 1 Targeting Errors 5 | . . . . . . . . . . 3 2 Weapon Failures 1 | . . . . . . . . . . . 1 Overload Shots 10 | . . . . . . . . . 10 . . Effects 2 | . . . . . . . . . 2 . . Heat Surge 1 | . . . . . . . . . 1 . . Short Circuit 1 | . . . . . . . . . 1 . . Overflow Damage 699 | . 6 46 . 22 298 88 51 . 18 134 36 Projectiles 288 | . 6 8 . . 103 . 29 . 18 88 36 Explosions 411 | . . 38 . 22 195 88 22 . . 46 . Melee . | . . . . . . . . . . . . Knockbacks 38 | . 2 9 . . 8 2 3 1 1 4 8 Impact . | . . . . . . . . . . . . Kinetic 37 | . 2 8 . . 8 2 3 1 1 4 8 Secondary 1 | . . 1 . . . . . . . . . Self-Inflicted Damage 437 | . . 37 . 28 129 72 84 . . 87 . Shots 15 | . . 2 . 1 5 3 2 . . 2 . Rammed . | . . . . . . . . . . . . Targets Rammed . | . . . . . . . . . . . . Kicked . | . . . . . . . . . . . . Crushed . | . . . . . . . . . . . . Highest Temperature 318 | . 36 210 . . 269 218 135 318 99 198 208 Average Temperature 71 | . 10 66 . . 64 48 43 178 31 94 67 Received Heat Transfer 2097 | . 30 102 . . 567 279 171 168 99 432 249 Effects 2 | . . . . . 1 . . 1 . . . Energy Bleed 1 | . . . . . . . . 1 . . . Interference 1 | . . . . . 1 . . . . . . Siege Activations . | . . . . . . . . . . . . Robots Corrupted 1 | . . . . . 1 . . . . . . Combat Hostiles 1 | . . . . . 1 . . . . . . Parts Fried 5 | . . . . . 5 . . . . . . Impact Corruptions . | . . . . . . . . . . . . Robots Melted 1 | . . . . . . . . 1 . . . Combat Hostiles 1 | . . . . . . . . 1 . . . Parts Melted 8 | . 1 . . . 1 . 1 1 3 1 . Heat Transferred 7528 | 300 175 . . . 446 296 805 703 953 2700 1150 Parts Sabotaged . | . . . . . . . . . . . . Parts Stolen . | . . . . . . . . . . . . Parts Stripped . | . . . . . . . . . . . . Power Chain Reactions 1 | . . . . . 1 . . . . . . Missiles Intercepted . | . . . . . . . . . . . . Alert | -11 -10 -10 -10 -9 -8 -8 -8 -7 -7 -7 -7 ------- Run | Scr Mat Min Exi Min Mat Gar Mat Fac Gar Fac Gar Peak Influence 1915 | 20 269 374 . 15 924 1915 1100 371 652 762 832 Average Influence 552 | 8 119 198 . 2 290 1266 930 274 360 504 716 Maximum Alert Level 5 | . 1 1 . . 3 5 4 1 2 3 3 Low Security (%) 26 | 100 94 47 . 100 51 . . 21 27 3 . Level 1 21 | . 5 52 . . 17 . . 78 31 39 . Level 2 18 | . . . . . 15 7 11 . 40 44 41 Level 3 19 | . . . . . 15 29 56 . . 12 58 Level 4 10 | . . . . . . 47 31 . . . . Level 5 1 | . . . . . . 8 . . . . . High Security 1 | . . . . . . 7 . . . . . Max Security . | . . . . . . . . . . . . Squads Dispatched 33 | . 3 . . 1 6 4 3 4 . 12 . Investigation 4 | . 1 . . 1 . . 1 . . 1 . Extermination 4 | . . . . . . . . 1 . 3 . Reinforcement 9 | . 2 . . . 4 . 1 . . 2 . Assault 6 | . . . . . 1 4 1 . . . . Garrison 10 | . . . . . 1 . . 3 . 6 . Intercept . | . . . . . . . . . . . . Construction Impeded 1 | . . . . . . . . . . 1 . Haulers Reinforced 1 | . . . . . . . . . . 1 . Stealth | -11 -10 -10 -10 -9 -8 -8 -8 -7 -7 -7 -7 --------- Run | Scr Mat Min Exi Min Mat Gar Mat Fac Gar Fac Gar Distress Signals 4 | . . . . . 2 . 1 . 1 . . Communications Jammed . | . . . . . . . . . . . . Distress Signals . | . . . . . . . . . . . . Times Spotted 228 | . 18 14 . 3 55 28 21 7 30 23 29 Peak Tracking Total 8 | . 5 5 . 5 6 5 7 3 8 3 5 Tactical Retreats 24 | . 1 . . 1 7 4 . 3 7 1 . Traps | -11 -10 -10 -10 -9 -8 -8 -8 -7 -7 -7 -7 ------- Run | Scr Mat Min Exi Min Mat Gar Mat Fac Gar Fac Gar Traps Triggered 9 | . . . . . . 8 . . 1 . . Indirectly . | . . . . . . . . . . . . Trap Hack Attempts . | . . . . . . . . . . . . Triggered . | . . . . . . . . . . . . Disarmed . | . . . . . . . . . . . . Reprogrammed . | . . . . . . . . . . . . Reused 2 | . . . . . 1 1 . . . . . Traps Reconfigurated 24 | . . . . . 2 14 . 5 1 . 2 Traps Extracted . | . . . . . . . . . . . . Installed . | . . . . . . . . . . . . Triggered 2 | . . . . . 1 1 . . . . . Exploded 1 | . . . 1 . . . . . . . . Machines | -11 -10 -10 -10 -9 -8 -8 -8 -7 -7 -7 -7 ---------- Run | Scr Mat Min Exi Min Mat Gar Mat Fac Gar Fac Gar Machines Disabled 48 | . . . . . 12 10 2 . 5 17 2 Max in Single Turn 4 | . . . . . 2 2 1 . 1 4 1 Garrison Relay 9 | . . . . . . 4 . . 3 . 2 Phase Generator 2 | . . . . . . 1 . . 1 . . Machines Sabotaged . | . . . . . . . . . . . . Garrisons Compromised . | . . . . . . . . . . . . Overloaded Fab Kills . | . . . . . . . . . . . . Fab Network Shutdowns . | . . . . . . . . . . . . Hacking | -11 -10 -10 -10 -9 -8 -8 -8 -7 -7 -7 -7 --------- Run | Scr Mat Min Exi Min Mat Gar Mat Fac Gar Fac Gar Machines Accessed 24 | . 5 . . 1 5 . 4 4 . 5 . Terminals 13 | . 5 . . . 2 . 3 1 . 2 . Fabricators . | . . . . . . . . . . . . Repair Stations 4 | . . . . . 1 . . 1 . 2 . Recycling Units . | . . . . . . . . . . . . Scanalyzers 3 | . . . . . 1 . 1 1 . . . Garrison Access 3 | . . . . . 1 . . 1 . 1 . Total Hacks 88 | . 23 . . 1 18 . 18 16 . 12 . Successful 58 | . 16 . . 1 13 . 12 11 . 5 . Failed 29 | . 6 . . . 5 . 6 5 . 7 . Catastrophic 3 | . . . . . . . 1 . . 2 . Database Lockouts 1 | . 1 . . . . . . . . . . Manual 35 | . 16 . 1 . 5 . 10 2 . 1 . Terminals 46 | . 23 . . . 7 . 9 2 . 5 . Fabricators . | . . . . . . . . . . . . Repair Stations 14 | . . . . . 3 . . 6 . 5 . Recycling Units . | . . . . . . . . . . . . Scanalyzers 22 | . . . . . 7 . 9 6 . . . Garrison Access 5 | . . . . . 1 . . 2 . 2 . Terminal Hacks 16 | . 8 . . 1 3 . 2 . . 2 . Part Schematic 1 | . . . . . . . . . . 1 . Robot Analysis 2 | . 2 . . . . . . . . . . Prototype ID Bank 3 | . 2 . . . . . . . . 1 . Open Door 1 | . . . . 1 . . . . . . . Terminal Index 1 | . . . . . 1 . . . . . . Alert Level 5 | . 3 . . . 2 . . . . . . Unreport Threat 2 | . . . . . . . 2 . . . . Registered Components 1 | . 1 . . . . . . . . . . Fabricator Hacks . | . . . . . . . . . . . . Repair Station Hacks 7 | . . . . . 2 . . 4 . 1 . Scan Component 4 | . . . . . 1 . . 2 . 1 . Repair 3 | . . . . . 1 . . 2 . . . Recycling Unit Hacks . | . . . . . . . . . . . . Scanalyzer 18 | . . . . . 6 . 7 5 . . . Insert Component 8 | . . . . . 3 . 3 2 . . . Analyze 10 | . . . . . 3 . 4 3 . . . Garrison Access Hacks 5 | . . . . . 1 . . 2 . 2 . Unlock Access 3 | . . . . . 1 . . 1 . 1 . Coupler Status 2 | . . . . . . . . 1 . 1 . Unauthorized Hacks 31 | . 20 . . . 3 . 6 2 . . . Terminals 11 | . 8 . . . 1 . 2 . . . . Track 2 | . 2 . . . . . . . . . . Botnet 8 | . 5 . . . 1 . 2 . . . . Operators 1 | . 1 . . . . . . . . . . Fabricators . | . . . . . . . . . . . . Repair Stations . | . . . . . . . . . . . . Recycling Units . | . . . . . . . . . . . . Scanalyzers 1 | . . . . . . . 1 . . . . Extract 1 | . . . . . . . 1 . . . . Garrison Access . | . . . . . . . . . . . . Data Cores Recovered . | . . . . . . . . . . . . Used . | . . . . . . . . . . . . Hacking Detections 21 | . 5 . . . 4 . 4 3 . 5 . Full Trace Events 1 | . . . . . . . . . . 1 . Feedback Events . | . . . . . . . . . . . . Feedback Blocked . | . . . . . . . . . . . . Robot Schematics Acquired . | . . . . . . . . . . . . Robots Built . | . . . . . . . . . . . . Matter . | . . . . . . . . . . . . Time . | . . . . . . . . . . . . Total Robot Build Rating . | . . . . . . . . . . . . Part Schematics Acquired 17 | . . . . . 3 . 12 1 . 1 . Parts Built . | . . . . . . . . . . . . Matter . | . . . . . . . . . . . . Time . | . . . . . . . . . . . . Total Part Build Rating . | . . . . . . . . . . . . Parts Repaired 3 | . . . . . 1 . . 2 . . . Time 126 | . . . . . 44 . . 82 . . . Parts Recycled . | . . . . . . . . . . . . Recycled Matter . | . . . . . . . . . . . . Retrieved Matter . | . . . . . . . . . . . . Retrieved Components . | . . . . . . . . . . . . Parts Scanalyzed 8 | . . . . . 3 . 3 2 . . . Part Schematics Acquired 7 | . . . . . 3 . 3 1 . . . Parts Damaged . | . . . . . . . . . . . . Bothacking | -11 -10 -10 -10 -9 -8 -8 -8 -7 -7 -7 -7 ------------ Run | Scr Mat Min Exi Min Mat Gar Mat Fac Gar Fac Gar Used RIF Installer 3 | . . . . . . 1 . . 1 . 1 Coupler Efficiency 1 | . . . . . . . . . 1 . . Autooverride 1 | . . . . . . . . . . . 1 Robots Hacked 15 | . . . . . . . . . 2 3 10 Non-combat . | . . . . . . . . . . . . Combat 15 | . . . . . . . . . 2 3 10 Autooverrided 1 | . . . . . . . . . . . 1 Robot Hacks Applied 15 | . . . . . . . . . 2 3 10 scatter_targeting 1 | . . . . . . . . . . . 1 spike_heat 2 | . . . . . . . . . . . 2 reboot_system 1 | . . . . . . . . . . 1 . go_dormant 1 | . . . . . . . . . 1 . . overwrite_iff 9 | . . . . . . . . . 1 1 7 streamctrl_high 1 | . . . . . . . . . . 1 . Relay Couplers Released 40 | . . . . . . 17 . . 14 . 9 Machine Destruction 40 | . . . . . . 17 . . 14 . 9 Attached 7 | . . . . . . . . 1 3 1 2 Robots Rewired . | . . . . . . . . . . . . Allies Hacked . | . . . . . . . . . . . . Hacks Repelled . | . . . . . . . . . . . . Allies | -11 -10 -10 -10 -9 -8 -8 -8 -7 -7 -7 -7 -------- Run | Scr Mat Min Exi Min Mat Gar Mat Fac Gar Fac Gar Total Allies 13 | . . . . 2 . . . . 1 2 8 Largest Group 2 | . . . . 2 . . . . 1 1 2 Highest-Rated Group 50 | . . . . 50 . . . . 16 32 44 Highest-Rated Ally 32 | . . . . 31 . . . . 16 32 32 Total Orders 2 | . . . . . . . . . . 2 . GUARD 1 | . . . . . . . . . . 1 . AID 1 | . . . . . . . . . . 1 . Ally Attacks 41 | . . . . 5 . . . . 5 8 23 Total Damage 723 | . . . . 64 . . . . 61 344 254 Kills 11 | . . . . 2 . . . . . 4 5 Allies Corrupted . | . . . . . . . . . . . . Allies Melted . | . . . . . . . . . . . . Intel | -11 -10 -10 -10 -9 -8 -8 -8 -7 -7 -7 -7 ------- Run | Scr Mat Min Exi Min Mat Gar Mat Fac Gar Fac Gar Robot Analysis Total 2 | . 2 . . . . . . . . . . Derelict Logs Recovered 3 | . . 1 . 2 . . . . . . . Drone Launches . | . . . . . . . . . . . . Drone Recoveries . | . . . . . . . . . . . . Exploration | -11 -10 -10 -10 -9 -8 -8 -8 -7 -7 -7 -7 ------------- Run | Scr Mat Min Exi Min Mat Gar Mat Fac Gar Fac Gar Turns Passed 11289 | 165 635 684 236 308 1845 1703 1254 883 1305 1432 839 Spaces Moved 6251 | 129 491 543 229 288 1188 992 407 396 526 690 372 Core 5 | 1 . . . . . . . 1 . . 3 Treads 1174 | . . . . . . 1 18 334 526 105 190 Legs . | . . . . . . . . . . . . Wheels 4988 | 128 491 543 229 288 1188 991 389 61 . 577 103 Hover 8 | . . . . . . . . . . 8 . Flight 76 | . . . . . . . . . . . 76 Fastest Speed 50 | 50 80 100 100 100 95 100 90 100 160 90 90 Average Speed 113 | 79 84 100 100 100 102 101 98 169 160 115 156 Slowest Speed 900 | 80 100 120 100 100 120 200 180 900 160 480 680 Overloaded Moves . | . . . . . . . . . . . . Propulsion Burnouts . | . . . . . . . . . . . . Robots Hopped . | . . . . . . . . . . . . Cave-ins Triggered . | . . . . . . . . . . . . Exploration Rate (%) 51 | 7 62 95 61 67 65 89 29 9 68 10 53 Regions Visited 11 Branch Regions 3 Pre-discovered Areas 2 | . . . . 2 . . . . . . . Known Exits Taken 4 | . . . . . 1 . 1 1 . 1 . Unknown Exits Taken 5 | 1 1 1 1 1 . . . . . . . Scrap Searched 1 | . . 1 . . . . . . . . . Spaces Dug 35 | . . 5 . . . 14 3 . 13 . . Terrain Destroyed 775 | . . 82 . 48 215 202 25 1 90 112 . Melee . | . . . . . . . . . . . . Projectile 63 | . . . . . 13 . 10 1 14 25 . AOE 712 | . . 82 . 48 202 202 15 . 76 87 . Actions | -11 -10 -10 -10 -9 -8 -8 -8 -7 -7 -7 -7 --------- Run | Scr Mat Min Exi Min Mat Gar Mat Fac Gar Fac Gar Total 9618 | 160 619 623 236 304 1678 1619 1200 566 873 1194 546 Wait 2446 | 6 47 28 . 2 322 491 734 124 234 391 67 Move 6237 | 128 490 542 228 287 1187 989 406 395 524 689 372 Hop . | . . . . . . . . . . . . Pick Up 77 | 5 10 4 . 3 16 9 5 4 9 5 7 Fast Attach 67 | 7 2 1 4 2 8 4 7 12 4 10 6 Attach 40 | . 2 2 . . 9 3 2 4 4 4 10 Detach 11 | . 1 . 3 . 2 . . 2 1 . 2 Swap 61 | . 7 7 . 1 13 5 4 1 7 7 9 Drop 80 | . 13 2 1 5 19 6 10 4 10 6 4 Fire 541 | 14 47 37 . 4 102 58 32 20 76 82 69 Melee 4 | . . . . . . . . . 4 . . Ram . | . . . . . . . . . . . . Kick . | . . . . . . . . . . . . Crush . | . . . . . . . . . . . . Escape Stasis 54 | . . . . . . 54 . . . . . Rewire . | . . . . . . . . . . . . Trap . | . . . . . . . . . . . . Miscellaneous . | . . . . . . . . . . . . Route ------- -11/Scrapyard -10/Materials (discovered 2 exits: [*Min x2]) -10/Mines (discovered 3 exits: [*Mat x2] / *Exi) -10/Exiles (discovered 2 exits: *Min x2) -9/Mines -8/Materials (discovered 3 exits: *Fac x2 / Gar) -8/Garrison (discovered 3 exits: *Mat x3) -8/Materials -7/Factory (discovered 2 exits: [*Fac] / Gar) -7/Garrison (discovered 2 exits: *Fac x2) -7/Factory (discovered 2 exits: [Low] / Gar) -7/Garrison (discovered 1 exit: [*Fac]) History --------- Turn | Location | Event 13 | -11/Scrapyard | Discovered new exit (range 15) 166 | -11/Scrapyard | Entered Materials 320 | -10/Materials | Build established: Mutant 390 | -10/Materials | Discovered new exit (range 12) 754 | -10/Materials | Build established: Scavenger-Mutant 767 | -10/Materials | Central database locked down 795 | -10/Materials | Discovered new exit (range 6) 801 | -10/Materials | Entered Mines 984 | -10/Mines | Core integrity fell below 50% 1073 | -10/Mines | Discovered new exit (range 8) 1152 | -10/Mines | Learned 2 Materials zone layouts 1230 | -10/Mines | Discovered new exit (range 5) 1277 | -10/Mines | Received a Rocket Launcher from a helpful Derelict 1304 | -10/Mines | Deemed a non-threat by the Exiles lab entrance 1305 | -10/Mines | Discovered new exit (range 5) 1485 | -10/Mines | Entered Exiles 1498 | -10/Exiles | Discovered new exit (range 15) 1510 | -10/Exiles | Met 8R-AWN 1526 | -10/Exiles | Met EX-HEX 1561 | -10/Exiles | Met EX-BIN 1573 | -10/Exiles | Aligned with FarCom system 1574 | -10/Exiles | Given EX-Vault access code 1597 | -10/Exiles | Opened EX-Vault 1604 | -10/Exiles | Found Prototype Device 1604 | -10/Exiles | Identified Trap Reconfigurator 1612 | -10/Exiles | Found Prototype Device 1612 | -10/Exiles | Identified Chronowheel 1612 | -10/Exiles | Activated Chronowheel 1616 | -10/Exiles | Found Prototype Processor 1616 | -10/Exiles | Identified 0b10 Alert Chip 1645 | -10/Exiles | Warned to stay clear of 0b10 Research branches 1646 | -10/Exiles | Exiles lab attacked by MAIN.C 1713 | -10/Exiles | Discovered new exit (range 10) 1721 | -10/Exiles | Left Exiles lab with Trap Reconfigurator 1721 | -10/Exiles | Entered Mines 1809 | -9/Mines | Met a Derelict shopkeep closing up shop 1854 | -9/Mines | Learned location of Storage (-7) 1900 | -9/Mines | Build established: Mutant 1906 | -9/Mines | Assembled infested the area 2018 | -9/Mines | Discovered new exit (range 12) 2029 | -9/Mines | Entered Materials 2029 | -8/Materials | Evolved 4 slots: Propulsion x2, Utility x2 2030 | -8/Materials | Identified exit to Factory 2331 | -8/Materials | Build established: Scavenger-Mutant 2396 | -8/Materials | Garrison activated, responded to threat 3175 | -8/Materials | Discovered exit to Factory (range 4) 3288 | -8/Materials | Repaired Adv. Assault Cannon 3629 | -8/Materials | First assault squad dispatched 3756 | -8/Materials | Destroyed 7 combat bots 3873 | -8/Materials | Identified exit to Garrison 3874 | -8/Materials | Entered Garrison 4034 | -8/Garrison | Triggered checkpoint 4046 | -8/Garrison | Garrison Relay disabled 4131 | -8/Garrison | Spotted B-75 Beast 4166 | -8/Garrison | Triggered checkpoint 4191 | -8/Garrison | Core integrity fell below 50% 4225 | -8/Garrison | Discovered new exit (range 12) 4242 | -8/Garrison | Attempted to access garrison exit controls, blocked by remote lockdown 4470 | -8/Garrison | Garrison Relay disabled 4598 | -8/Garrison | Triggered checkpoint 4606 | -8/Garrison | Triggered checkpoint 4682 | -8/Garrison | Triggered checkpoint 4881 | -8/Garrison | Discovered new exit (range 16) 4933 | -8/Garrison | Triggered checkpoint 4969 | -8/Garrison | Garrison Relay disabled 5239 | -8/Garrison | Build established: Mutant 5302 | -8/Garrison | Phase Generator disabled 5419 | -8/Garrison | Discovered new exit (range 15) 5434 | -8/Garrison | Triggered checkpoint 5450 | -8/Garrison | High security lockdown imminent 5530 | -8/Garrison | High security lockdown engaged 5572 | -8/Garrison | Installed Relay Interface Framework 5577 | -8/Garrison | Entered Materials 5845 | -8/Materials | Build established: Bothacker-Skirmisher 6777 | -8/Materials | First assault squad dispatched 6814 | -8/Materials | Discovered exit to Factory (range 9) 6814 | -8/Materials | Core integrity fell below 20% 6831 | -8/Materials | Entered Factory 6831 | -7/Factory | Evolved 2 slots: Utility x2 6862 | -7/Factory | Lost 3 parts (2n1w) 6908 | -7/Factory | Garrison activated, responded to threat 6964 | -7/Factory | Lost 5 parts (1p2n1u1w) 7035 | -7/Factory | Discovered new exit (range 5) 7113 | -7/Factory | Repaired Gauss Cannon 7152 | -7/Factory | Repaired Adv. Terrain Scanner 7713 | -7/Factory | Identified exit to Garrison 7714 | -7/Factory | Entered Garrison 7810 | -7/Garrison | Triggered checkpoint 7862 | -7/Garrison | Garrison Relay disabled 8033 | -7/Garrison | Discovered new exit (range 11) 8061 | -7/Garrison | Expanded RIF knowledge: Coupler Efficiency 8074 | -7/Garrison | Phase Generator disabled 8138 | -7/Garrison | Triggered checkpoint 8167 | -7/Garrison | Build established: Bothacker-Assassin 8192 | -7/Garrison | Garrison Relay disabled 8556 | -7/Garrison | Triggered checkpoint 8566 | -7/Garrison | Build established: Bothacker-Skirmisher 8688 | -7/Garrison | Triggered checkpoint 8732 | -7/Garrison | Garrison Relay disabled 8860 | -7/Garrison | Discovered new exit (range 13) 9019 | -7/Garrison | Entered Factory 9126 | -7/Factory | Lost 3 parts (3n) 9474 | -7/Factory | Garrison activated, responded to threat 9794 | -7/Factory | Identified exit to Garrison 9963 | -7/Factory | Discovered new exit (range 16) 10125 | -7/Factory | Core integrity fell below 50% 10140 | -7/Factory | Garrison activated, responded to threat 10451 | -7/Factory | Entered Garrison 10508 | -7/Garrison | Triggered checkpoint 10524 | -7/Garrison | Garrison Relay disabled 10560 | -7/Garrison | Triggered checkpoint 10562 | -7/Garrison | Build established: Bothacker-Mutant 10581 | -7/Garrison | Triggered checkpoint 10628 | -7/Garrison | Triggered checkpoint 10677 | -7/Garrison | Triggered checkpoint 10869 | -7/Garrison | Discovered new exit (range 9) 10891 | -7/Garrison | Expanded RIF knowledge: Autooverride 10922 | -7/Garrison | Triggered checkpoint 10980 | -7/Garrison | Garrison Relay disabled 11130 | -7/Garrison | Lost 8 parts (1p3n1u3w) 11235 | -7/Garrison | Spotted B-75 Beast 11245 | -7/Garrison | Spotted B-75 Beast 11276 | -7/Garrison | Core integrity fell below 20% 11288 | -7/Garrison | Triggered checkpoint 11290 | -7/Garrison | Destroyed by G-47 Trooper with Particle Gun Last Messages --------------- 11123_ Acquired VTOL Module. 11130_ Acquired 21 matter. 11132_ Acquired 13 matter. 11134_ Acquired 26 matter. 11149_ Acquired 3 matter. 11175_ Acquired VTOL Module. 11180_ Acquired 10 matter. 11253_ B-75 Beast springs to life. 11254_ VTOL Module destroyed. 11254_ Knocked back. 11267_ Lgt. Nuclear Core destroyed. 11267_ VTOL Module destroyed. 11267_ Adv. Terrain Scanner destroyed. 11267_ VTOL Module destroyed. 11272_ Gauss Cannon destroyed. 11272_ VTOL Module destroyed. 11278_ System corrupted: Energy discharge (-37). 11278_ Relay Coupler [Swarmer] destroyed. 11283_ Knocked back. 11288_ Beams of light sweep through the air. An alarm sounds. Map ----- +----------------------------------------------------+ | ??????????????????#? ### ############# ## * # | | ??????????????????## ?# [ ! # | | ????????????????#??????# # | | ?????????????#???###?### # | | ?????????????????#??############### [ ## ## # | | ???????????????????###?############ % ## ##=[ # | | ???????????##??#?#?############## % % [* [ | | ????????????????##?############## ! %= | | ??????????#???#?#?############### %%* ! | | ?????????????? ########### / [ | | ?????????????# ############# ## %*## # | | ?????????#???# ############## ##* ! ##^^^# | | ?????????????# %=% # | | ???????? ?? # !B= % # | | ?????????????#!!! !!!##### B####### * # | | ????????????#???#????##### ####### ## ## ## | | ??????? ???????????#?#??## B####### ## ## ## | | ????????????#?????########BB####### ######## ## | | ??????????????????##?##### ####### ## ##### ## | | ?????????#?#??????######## # # # ##### ## | | ??????????##??#?? ??###### ####### ######## ## | | ?????????????#?#???####### ####### ######## ## | | ???????????############### #######^^ ######## ## | | ?????????? ######## | | ?????????? ######## | | ???????? @ ^ ############ | | ????????????####### ##### ;######## ############ | | ??????????????#?#?# ???## #### #### ############ | | ??????????#????#??"??#?#?# g ## ?### #####?###### | | ?????????????? ?#?? ??? # g# #### ?########### | | ???????????????#? ????#### ##?#?##?############ | | ??????????????????# ??#??# ########? ############ | | ??????????????????? ???#?# #?####### ############ | | ?????????????????????????? ##??####? ############ | | ???????????????#??#??????? #??##?##?????#??#?#?## | | ???????????????????? ###?? #???###?????####?###?# | | ??????????????? ?????????? ???? ??#?#?#??#### | | ?????????????????????????? #?????????#??#??#???## | | ???????????????????????#?? ???????????#??#?####?# | | ?????????????????????????? ?????????##?????#?#### | | ?????????????????????????????????????#????####?##? | | ????????????????????????????????????????????####?# | | ????????????????????????????????????????#?#???#??# | | ???????????????????????????????????????????????#?# | | ?????????????????????????????????????????????????? | | ?????????????????????????????????????????????????# | | ?????????????????????????????????????????????????? | | ?????????????????????????????????????????????????? | | ?????????????????????????????????????????????????? | | ?????????????????????????????????????????????????? | +----------------------------------------------------+ Best States ------------- Heat Dissipation 34 Coolant Potential 65 Energy Generation 18 Energy Capacity 300 Matter Stores 300 Matter Capacity 300 Sight Range 16 Terrain Scan Range 20 Terrain Scan Density 110 Armor Coverage 225 Evasion (%) 44 Recoil Reduction 4 Item Schematics ----------------- Hvy. Missile Launcher | -8/Materials | Scanalyzed Adv. Assault Cannon | -8/Materials | Scanalyzed Imp. EM Pulse Cannon | -8/Materials | Scanalyzed Datajack | -8/Materials | Scanalyzed Adv. Signal Interpreter | -8/Materials | Scanalyzed Adv. Terrain Scanner | -8/Materials | Scanalyzed Shield Generator | -8/Materials | Extracted Reactive Plating | -8/Materials | Extracted Med. Armor Plating | -8/Materials | Extracted Carbon-fiber Leg | -8/Materials | Extracted Lgt. Deuterium Engine | -8/Materials | Extracted Wheel | -8/Materials | Extracted Imp. Signal Interpreter | -8/Materials | Extracted Hvy. EM Pulse Gun | -8/Materials | Extracted Aerolev Unit | -8/Materials | Extracted Gauss Cannon | -7/Factory | Scanalyzed Imp. Medium Treads | -7/Factory | Hacked Robot Schematics ------------------ None Fabricated ------------ Nothing Alien Tech Used ----------------- None Achievements -------------- Factory Defaults Challenges ------------ None Game ------ Seed DeuteriumCooledFilter Manual? 0 Play Time 01:40:37 Cumulative 18.7 hours Start 2019.12.11 @ 18:05:27 End 2019.12.11 @ 19:49:44 Sessions 1 Manual Loads 0 Difficulty Rogue Special Mode None Game No. 47 Rogue 47 Adventurer 0 Explorer 0 Win Type - Total 0 Types 0/0/0/0/0/0/0 Lore% 36 Gallery% 31 Achievement% 28 Wizard Run 0 Options --------- ASCII 0 Keyboard 0 Movement Numpad Keybinds 0 Fullscreen 2 Font 24/Smallcaps Map View 76x50 Tactical HUD 1 Map Filters NONE Filters NONE Steam 1 RUN: cdee0edf-6401-4414-a202-5935104c4688